 Dungeon Crawl Stone Soup version 0.22-a0-412-g2b68d14 (webtiles) character file.

74 Gorice the Ducker (level 4, -1/28 HPs)
             Began as a Deep Elf Wanderer on May 12, 2018.
             Slain by an adder (5 damage)
             ... on level 2 of the Dungeon.
             The game lasted 00:08:08 (2968 turns).

Gorice the Ducker (Deep Elf Wanderer)               Turns: 2968, Time: 00:08:09

Health: -1/28      AC:  2    Str: 11    XL:     4   Next: 10%
Magic:  6/6        EV: 18    Int: 15    God:
Gold:   119        SH:  0    Dex: 15    Spells: 3/3 levels left

rFire    . . .     SeeInvis .   a - +0 dagger
rCold    . . .     Gourm    .   (no shield)
rNeg     . . .     Faith    .   e - +0 robe
rPois    .         Spirit   .   (no helmet)
rElec    .         Reflect  .   (no cloak)
rCorr    .         Harm     .   (no gloves)
MR       .....                  (no boots)
Stlth    ++........             (no amulet)
HPRegen  0.09/turn              d - +3 ring of evasion
MPRegen  0.10/turn              (no ring)

@: lethally poisoned (-1 -> -4)
A: no striking features
a: no special abilities


You were on level 2 of the Dungeon.
You were not hungry.

You visited 1 branch of the dungeon, and saw 2 of its levels.

You collected 119 gold pieces.

Inventory:

Hand Weapons
 a - a +0 dagger (weapon)
Missiles
 b - 2 silver javelins
 Y - 21 stones (quivered)
Armour
 e - a +0 robe (worn)
Jewellery
 d - a +3 ring of evasion (left hand)
Scrolls
 f - a scroll of fear {!r}
 h - 2 scrolls of magic mapping {!r}
 j - 3 scrolls of identify
 k - a scroll of teleportation {unknown}
Potions
 i - a potion of agility {unknown}
Comestibles
 g - 8 rations


   Skills:
 + Level 3.3 Fighting
 + Level 4.9 Dodging
 - Level 2.4 Stealth
   Level 1.0 Shields
 - Level 1.0 Unarmed Combat


You had 3 spell levels left.
You didn't know any spells.
Your spell library was empty.

Dungeon Overview and Level Annotations

Branches:
Dungeon (2/15)

Altars:
Fedhas
Yredelemnul

Annotations:
D:2 exclusion: worm


Message History

You are poisoned.
The adder poisons you!
Damage: 1 (max 4)
You barely miss the adder.
The adder is heavily wounded.
You feel sick. The adder completely misses you. The adder bites you.
* * * LOW HITPOINT WARNING * * *
You are lethally poisoned!
The adder poisons you!
You hit the adder.
The adder is severely wounded.
* * * LOW HITPOINT WARNING * * *
You feel sick. The adder bites you but does no damage.
You barely miss the adder.
You kill the adder!
You have reached level 4!
You feel clever.
Damage: 5 (max 5)
You feel better. The adder bites you. x2
* * * LOW HITPOINT WARNING * * *
Unknown command.
You hit the adder.
The adder is lightly wounded.
The adder bites you.
* * * LOW HITPOINT WARNING * * *
You are poisoned.
The adder poisons you!
Damage: 2 (max 5)
You hit the adder.
The adder is moderately wounded.
You feel sick. The adder misses you.
Damage: 1 (max 5) Unknown command.
You hit the adder.
The adder is severely wounded.
The adder closely misses you.
Unknown command.
You hit the adder but do no damage.
The adder is severely wounded.
You feel sick. The adder closely misses you. The adder completely misses you.
You hit the adder but do no damage.
The adder is severely wounded.
The adder bites you.
* * * LOW HITPOINT WARNING * * *
Damage: 3 (max 5)
You barely miss the adder.
The adder is severely wounded.
* * * LOW HITPOINT WARNING * * *
You feel sick. The adder bites you.
You die...

..#.......#<.# #..
#............#. #..#
#.#.#.#.#.#.... #..# ##
###......[....# # #..## ..
...#####.#...#.# .# #..## #.
#..#.........#.# .# #..## .#.
#..#<###†##..#.# .# #.... .#.###
#..#.# #S##..#.# .# #...#
.#...####..#.###@###.#.##.###..##
.##............................#
.............#######...#.#####.##
.##....##..### ##........#..#
.###.#.##..# #..#.....#.#.
.###.#.##..# #..#.......##
...........# ##.#.....###
.#####.###.# #.......# .# #.# #.#
#..##.###


You could see an adder.

Vanquished Creatures
  2 adders (D:2)
  An ooze (D:1)
  2 dart slugs
  2 leopard geckos
  3 bats
  4 giant cockroaches
  3 goblins
  7 hobgoblins
  4 jackals (D:1)
  A ball python (D:1)
  3 frilled lizards
  7 kobolds
  5 rats
44 creatures vanquished.

Notes
Turn   | Place    | Note
-------+----------+-------------------------------------------
     0 | D:1      | Gorice the Deep Elf Wanderer began the quest for the Orb.
     0 | D:1      | Gorice set off with: a scroll of fear {!r}, a potion of berserk rage, a potion of curing, a potion of lignification {!q}, a +0 robe, a +0 dagger, a ration
     0 | D:1      | Reached XP level 1. HP: 13/13 MP: 3/3
     1 | D:1      | --hmm, no spells, just a robe an +0 dagger
     1 | D:1      | --instaquit character!
    38 | D:1      | HP: 2/13 [jackal (2)]
   369 | D:1      | HP: 2/13 [hobgoblin/club (2)]
   370 | D:1      | Reached skill level 4 in Dodging
   370 | D:1      | Reached XP level 2. HP: 3/18 MP: 4/4
   374 | D:1      | HP: 1/27 [giant cockroach (2)]
  1200 | D:1      | Reached skill level 3 in Fighting
  1310 | D:1      | HP: 5/19 [hobgoblin (2)]
  1312 | D:1      | Reached XP level 3. HP: 3/23 MP: 5/5
  1916 | D:2      | HP: 10/34 [adder (3)]
  1924 | D:2      | HP: 9/34 [poisoned by an adder]
  1947 | D:2      | HP: 5/23 [bat (1)]
  2288 | D:2      | Found a basalt altar of Yredelemnul.
  2670 | D:2      | Found a blossoming altar of Fedhas.
  2959 | D:2      | HP: 6/23 [adder (4)]
  2961 | D:2      | Reached XP level 4. HP: 6/28 MP: 6/6
  2964 | D:2      | HP: 8/28 [poisoned by an adder]
  2968 | D:2      | Slain by an adder

Vault maps used:
D:1:      dpeg_arrival_three_smaller_balls, minmay_pentomino_u4
D:2:      fedhas_altar_fruit_tree, overflow_temple_1_default, st_stairs_4,
          serial_bayou_pond_b, minmay_tree_intersection, lexackson_kobold_supper

Skill      XL: |  1  2 |
---------------+-------+-----
Dodging        | 4 |  4.9
Fighting       | 3 |  3.3
Stealth        | |  2.4
Shields        | |  1.0
Unarmed Combat | |  1.0

Action                   |  1- 3 |  4- 6 || total
-------------------------+-------+-------++-------
Melee: Dagger            |   267 |     6 ||   273
       Punch             |     2 |       ||     2
Throw: Stone             |     2 |       ||     2
  Use: Potion            |     3 |     1 ||     4
       Scroll            |     2 |       ||     2
 Stab: Sleeping          |     6 |       ||     6
  Eat: Chunk             |     7 |       ||     7
Armor: Robe              |    27 |       ||    27
       Skin              |    17 |       ||    17
Dodge: Dodged            |   171 |     4 ||   175

Table legend:
 A = Spawn XP
 B = Non-spawn XP
 C = Spawn XP percentage of total XP
 D = Spawn monster count
 E = Non-spawn monster count
 F = Spawn count percentage of total count
 G = Total turns spent on level
                    A         B        C        D         E        F      G
               +---------+---------+-------+---------+---------+-------+---------
         Total |       0 |     107 |   0.0 |       0 |      44 |   0.0 |  2968
               +---------+---------+-------+---------+---------+-------+---------
           D:1 |       0 |      51 |   0.0 |       0 |      26 |   0.0 |  1906
           D:2 |       0 |      56 |   0.0 |       0 |      18 |   0.0 |  1062
               +---------+---------+-------+---------+---------+-------+---------

Table legend:
 A = Turns spent in this place as a percentage of turns spent in the entire game.
 B = Non-inter-level travel turns spent in this place as a percentage of non-inter-level travel turns spent in the entire game.
 C = Inter-level travel turns spent in this place as a percentage of turns spent in this place.
 D = Turns resting spent in this place as a percentage of non-inter-level travel turns spent in this place.
 E = Turns spent auto-exploring this place as a percentage of non-inter-level travel turns spent in this place.
 F = Non-inter-level travel turns spent in this place divided by the number of levels of this place that you've seen.
                   A       B       C       D       E      F
               +-------+-------+-------+-------+-------+----------------------
         Total | 100.0 | 100.0 |   0.7 |  51.7 |  25.1 | 1473.5
       Dungeon | 100.0 | 100.0 |   0.7 |  51.7 |  25.1 | 1473.5
               +-------+-------+-------+-------+-------+----------------------

Vault maps used:
D:1:      dpeg_arrival_three_smaller_balls, minmay_pentomino_u4
D:2:      fedhas_altar_fruit_tree, overflow_temple_1_default, st_stairs_4,
          serial_bayou_pond_b, minmay_tree_intersection, lexackson_kobold_supper
